 Dungeon Crawl Stone Soup version 0.22.0-38-g04b72b8c25 (webtiles) character file.

2477 Peloso the Blocker (level 9, -10/75 HPs)
             Began as a Minotaur Fighter on Aug 31, 2018.
             Was a Follower of Okawaru.
             Killed from afar by Harold (15 damage)
             ... with a wand of acid (9)
             ... on level 6 of the Dungeon.
             The game lasted 00:17:04 (5758 turns).

Peloso the Blocker (Minotaur Fighter)               Turns: 5758, Time: 00:17:04

Health: -10/75     AC: 11    Str: 28    XL:     9   Next: 27%
Magic:  8/8        EV:  7    Int:  5    God:    Okawaru [*.....]
Gold:   318        SH: 18    Dex: 11    Spells: 8/8 levels left

rFire    . . .     SeeInvis .   k - +2 short sword (flame)
rCold    . . .     Gourm    .   c - +1 shield
rNeg     + . .     Faith    .   b - +0 plate armour
rPois    .         Spirit   .   z - +1 hat
rElec    .         Reflect  +   (no cloak)
rCorr    .         Harm     .   (no gloves)
MR       .....                  p - +0 pair of boots
Stlth    ..........             l - +5 amulet of reflection
HPRegen  0.22/turn              w - ring of stealth
MPRegen  0.11/turn              D - ring of positive energy

@: mighty, marked, corroded, berserk cooldown, slowed, very slow
A: retaliatory headbutt, horns 2
a: Heroism, Renounce Religion


You were on level 6 of the Dungeon.
You worshipped Okawaru.
Okawaru was aware of your devotion.
You were not hungry.

You visited 2 branches of the dungeon, and saw 8 of its levels.
You also visited: Sewer.

You collected 318 gold pieces.

Inventory:

Hand Weapons
 a - a +0 long sword
 k - a +2 short sword of flaming (weapon)
Armour
 b - a +0 plate armour (worn)
 c - a +1 shield (worn)
 p - a +0 pair of boots (worn)
 z - a +1 hat (worn)
Jewellery
 l - a +5 amulet of reflection (around neck)
 w - a ring of stealth (left hand)
 C - an uncursed amulet of regeneration
 D - a ring of positive energy (right hand)
 H - an uncursed ring of see invisible {unknown}
Wands
 m - a wand of enslavement (14)
 t - a wand of random effects (17)
 y - a wand of flame (20)
 F - a wand of digging (9)
Scrolls
 e - 4 scrolls of amnesia
 n - 2 scrolls of remove curse
 o - 2 scrolls of teleportation
 r - a scroll of enchant armour
 v - a scroll of enchant weapon {unknown}
Potions
 d - a potion of might
 g - 2 potions of berserk rage
 h - 2 potions of brilliance
 i - a potion of cancellation
 j - 2 potions of curing
 q - 2 potions of agility {unknown}
 s - a potion of heal wounds {unknown}
 u - 7 potions of flight
 x - 3 potions of ambrosia {unknown}
 A - a potion of lignification {unknown}
 E - 2 potions of resistance {unknown}
 G - a potion of haste {unknown}
 I - a potion of magic {unknown}
Comestibles
 f - 9 rations


   Skills:
 + Level 6.2 Fighting
 + Level 0.5(5.2) Short Blades
 + Level 9.2 Long Blades
 + Level 6.8 Armour
 + Level 1.7 Dodging
 + Level 0.1 Stealth
 + Level 9.6 Shields
 + Level 0.1 Invocations
 + Level 0.5 Evocations


You had 8 spell levels left.
You didn't know any spells.
Your spell library was empty.

Dungeon Overview and Level Annotations

Branches:
Dungeon (7/15)             Temple (1/1) D:5

Altars:
Gozag
Makhleb
Okawaru
Qazlal
Sif Muna
Uskayaw
Vehumet
The Shining One

Annotations:
D:6 Harold


Innate Abilities, Weirdness & Mutations

You reflexively headbutt those who attack you in melee.
You have a pair of horns on your head.


Message History

It is a wand of acid (9).
Unknown command.
You rip the net and break free!
Harold points at you and mumbles some strange words.
The mark upon you grows brighter.
Unknown command.
You feel better. You block Harold's attack. Harold hits you but does no damage.
You block Harold's attack. You block the orc's attack.
You climb upwards.
There is a stone staircase leading down here.
You feel better. You block Harold's attack.
You feel very mighty all of a sudden. Harold hits you with a hand axe!
* * * LOW HITPOINT WARNING * * *
You block Harold's attack.
You puncture Harold! You burn Harold. You headbutt Harold!
Harold is moderately wounded.
Harold zaps a wand.
The bolt of acid hits you!
You die...

##.#.# #.......# #..)#.......
#..#.## ####...## ##..#.......
#.##..# #...## ###.##.......
#.###.# ##.<.#####............
#.# #.###
#.#....##.#...###..## #.#
#...# #...##.##...#......# #)#
###.# ##........###.#..### #.#
#.# ##.##.........#..# #.#
#.#####...@......####.## #.#
##..##....@......## #.# #.#
#..........#...#.#####.# #<#
##.#.#..#.#.#.#.....##..##
#.###......##.#.#.##....##...#
#.##......###.#.#.#####....#.#
#.##..#...# #.#.#.#
#.#..#.#### #.#.......#
#.....# ###....#..##.
#.#.###>..# #.#.###
#..........#.


You could see Harold.

Vanquished Creatures
  A hydra (D:7)
  Pikel (D:4)
  An ice beast (D:5)
  An ogre (D:6)
  A scorpion (D:6)
  A howler monkey (D:4)
  3 crimson imps (D:5)
  A centaur zombie (D:2)
  An orc priest (D:4)
  2 bullfrog skeletons
  5 hounds
  2 centaur skeletons
  An iguana (D:4)
  3 orc wizards
  A merfolk avatar (Sewer)
  A merfolk siren (Sewer)
  4 worker ants
  A hound skeleton (D:6)
  A worker ant zombie (D:5)
  A howler monkey skeleton (D:5)
  9 adders
  12 gnolls
  4 river rats (Sewer)
  3 shadow imps
  2 oozes (D:1)
  2 worms (D:2)
  A dart slug (D:1)
  7 leopard geckos
  13 orcs
  9 giant cockroaches
  5 goblins
  6 hobgoblins
  8 jackals
  6 kobolds
  6 quokkas
  5 ball pythons
  A ball python skeleton (D:5)
  9 bats
  9 frilled lizards
  A giant cockroach zombie (D:6)
  A leopard gecko zombie (D:5)
  28 rats
180 creatures vanquished.

Notes
Turn   | Place    | Note
-------+----------+-------------------------------------------
     0 | D:1      | Peloso the Minotaur Fighter began the quest for the Orb.
     0 | D:1      | Reached XP level 1. HP: 19/19 MP: 0/0
   133 | D:1      | Reached XP level 2. HP: 18/27 MP: 1/1
   681 | D:1      | Reached XP level 3. HP: 31/33 MP: 2/2
   916 | D:2      | Reached XP level 4. HP: 40/40 MP: 3/3
  1787 | D:3      | Reached XP level 5. HP: 47/47 MP: 4/4
  1845 | D:3      | Reached skill level 5 in Shields
  2430 | D:4      | Reached XP level 6. HP: 55/55 MP: 5/5
  2444 | D:5      | Entered Level 5 of the Dungeon
  2776 | D:4      | Reached skill level 5 in Long Blades
  2874 | D:4      | Reached skill level 5 in Fighting
  3239 | D:4      | Noticed a slave
  3269 | D:4      | Noticed Pikel
  3271 | D:4      | Noticed a slave
  3272 | D:4      | Noticed a slave
  3287 | D:4      | Noticed a slave
  3326 | D:4      | Killed Pikel
  3326 | D:4      | Reached skill level 5 in Armour
  3326 | D:4      | Reached skill level 1 in Dodging
  3326 | D:4      | Reached XP level 7. HP: 49/61 MP: 6/6
  3704 | D:4      | Reached XP level 8. HP: 66/69 MP: 7/7
  4157 | D:5      | Got a transparent ring mail
  4168 | D:5      | Identified the cursed +0 ring mail of the Shining Light {+Blink rPois Str-3 Int+4} (You found it on level 5 of the Dungeon)
  4391 | D:5      | Found a staircase to the Ecumenical Temple.
  4404 | Temple   | Entered the Ecumenical Temple
  4424 | Temple   | Became a worshipper of Warmaster Okawaru
  4911 | D:6      | Found a glowing drain.
  4922 | Sewer    | Entered a sewer
  5493 | D:6      | Found a deep blue altar of Sif Muna.
  5639 | D:6      | Reached * piety under Okawaru
  5711 | D:7      | Noticed a six-headed hydra
  5735 | D:7      | Killed a six-headed hydra
  5735 | D:7      | Reached XP level 9. HP: 8/75 MP: 6/8
  5745 | D:7      | Noticed Harold
  5751 | D:7      | HP: 2/75 [acid (11)]
  5758 | D:6      | Killed from afar by Harold

Skill      XL: |  1  2  3  4  5  6  7  8 |
---------------+-------------------------+-----
Shields        | 4 5 7 9 |  9.6
Fighting       | 4 5 6 |  6.2
Long Blades    | 3 4 6 9 |  9.2
Armour         | 4 5 6 |  6.8
Dodging        | 1 |  1.7
Short Blades   | |  0.5
Stealth        | |  0.1
Invocations    | |  0.1
Evocations     | |  0.5

Action                   |  1- 3 |  4- 6 |  7- 9 || total
-------------------------+-------+-------+-------++-------
Melee: Long sword        |    75 |   243 |   293 ||   611
       Headbutt          |    14 |    42 |    54 ||   110
       Short sword       |       |       |     8 ||     8
Invok: Heroism           |       |       |     1 ||     1
Evoke: Wand              |       |       |     4 ||     4
  Use: Scroll            |       |     7 |     6 ||    13
       Potion            |       |       |     8 ||     8
  Eat: Chunk             |       |     8 |     9 ||    17
Armor: Scale mail        |    30 |    11 |       ||    41
       Plate armour      |       |    95 |   140 ||   235
Dodge: Dodged            |    21 |    48 |    59 ||   128
Block: Shield            |    41 |   223 |   292 ||   556
       Reflection        |     1 |     2 |       ||     3
       Rpst.: Long sword |     6 |    11 |    18 ||    35
